 Dungeon Crawl Stone Soup version 0.19-a0-1886-gd64a0f0 (console) character file.

456 brucemayne the Cleaver (level 7, -9/57 HPs)
             Began as a Hill Orc Monk on Oct 15, 2016.
             Was a Believer of Makhleb.
             Mangled by Menkaure (16 damage)
             ... on level 5 of the Dungeon.
             The game lasted 00:12:29 (2936 turns).

brucemayne the Cleaver (Hill Orc Monk)              Turns: 2936, Time: 00:12:30

Health: -9/57      AC:  3    Str: 16      XL:     7   Next: 6%
Magic:  7/7        EV: 12    Int:  7 (10) God:    Makhleb [**....]
Gold:   188        SH:  0    Dex: 18      Spells: 0 memorised, 6 levels left

rFire  . . .     SeeInvis .     a - +0 hand axe
rCold  + . .     Gourm    .     d - +0 ring mail (curse)
rNeg   . . .     Faith    .     (no shield)
rPois  .         Spirit   .     (no helmet)
rElec  .         Dismiss  .     (no cloak)
rCorr  .         Reflect  .     q - +0 pair of gloves
MR     .....     Harm     .     (no boots)
Stlth  +.........               (no amulet)
                                l - ring of protection from cold
                                e - +5 ring of dexterity

@: no status effects
A: deformed body, deterioration 1
a: Minor Destruction, Renounce Religion


You were on level 5 of the Dungeon.
You worshipped Makhleb.
Makhleb was pleased with you.
You were very hungry.

You visited 2 branches of the dungeon, and saw 8 of its levels.

You collected 188 gold pieces.

Inventory:

Hand Weapons
 a - a +0 hand axe (weapon)
 f - the +7 dagger of the Ancient Places {pierce, rPois rF+, unknown}
   (You found it on level 4 of the Dungeon)

   It inflicts extra damage upon your enemies.
   It protects you from fire.
   It protects you from poison.
Armour
 b - a +0 robe
 d - a cursed +0 ring mail (worn)
 h - a +0 leather armour
 n - +0 shadow dragon scales
 o - a cursed +0 chain mail
 q - a +0 pair of gloves (worn)
 r - a cursed +0 helmet
Jewellery
 e - a +5 ring of dexterity (left hand)
 l - a ring of protection from cold (right hand)
 m - a +4 ring of intelligence
Wands
 i - a wand of paralysis (0/24)
Scrolls
 k - 3 scrolls of identify
 s - a scroll of enchant weapon
Books
 t - a book of Geomancy

   Spells                             Type                      Level
   a - Sandblast                      Earth                        1
   b - Passwall                       Transmutation/Earth          2
   c - Stone Arrow                    Conjuration/Earth            3
   d - Petrify                        Transmutation/Earth          4
   e - Lee's Rapid Deconstruction     Earth                        5
Comestibles
 c - a bread ration
 g - a meat ration
 p - a fruit


   Skills:
 - Level 3.6 Fighting
 + Level 10.1 Axes
 - Level 2.4 Dodging
 - Level 1.5 Stealth


You had 6 spell levels left.
You didn't know any spells.

Dungeon Overview and Level Annotations

Branches:
Dungeon (7/15)             Temple (1/1) D:4

Altars:
Ashenzari
Cheibriados
Dithmenos
Elyvilon
Fedhas
Gozag
Hepliaklqana
Makhleb
Okawaru
Qazlal
Ru
Sif Muna
Trog
Uskayaw
Xom
Yredelemnul
Zin
The Shining One

Annotations:
D:5 Menkaure


Innate Abilities, Weirdness & Mutations

Armour fits poorly on your strangely shaped body.
Your body sometimes deteriorates upon taking damage.


Message History

You are feeling very hungry.
The jackal barely misses you.
You climb upwards.
Menkaure shouts!
Found a forked silver wand and a purple potion.
There is a stone staircase leading down here.
Unknown command.
Unknown command.
You aren't carrying any potions.
Unknown command.
Evoke which item? (* to show all) (? for menu, Esc to quit)
Okay, then.
Okay, then.
You hit the jackal but do no damage. The jackal misses you.
You hit the jackal.
You kill the jackal!
Makhleb accepts your kill.
Unknown command.
Menkaure hits you!
You die...

. ..... ...... .......
......# ##.
......###....##########.
............/.†>@M...!..
........###..#########..
......# # ......#
......# ### ......#....
.........$. ...<.......
.......?...


You could see Menkaure.

Vanquished Creatures
  A centaur (D:4)
  2 bullfrogs
  The ghost of brucemayne the Chopper, a weakling HOMo (D:4)
  2 hounds (D:4)
  An orc priest (D:4)
  A gnoll (D:4)
  6 adders
  An ooze (D:3)
  3 dart slugs
  2 leopard geckos
  5 orcs (D:4)
  A ball python (D:4)
  4 bats
  3 giant cockroaches
  A goblin (D:3)
  4 hobgoblins
  A jackal (D:5)
  A kobold (D:1)
  7 frilled lizards
  4 rats (D:2)
51 creatures vanquished.

Notes
Turn   | Place    | Note
-------+----------+-------------------------------------------
     0 | D:1      | brucemayne the Hill Orc Monk began the quest for the Orb.
     0 | D:1      | Reached XP level 1. HP: 19/19 MP: 1/1
   316 | D:2      | Reached XP level 2. HP: 26/26 MP: 2/2
   479 | D:3      | Reached skill level 5 in Axes
   490 | D:3      | Reached XP level 3. HP: 18/31 MP: 3/3
   542 | D:4      | Noticed a bullfrog
   793 | D:3      | Reached skill level 6 in Axes
   843 | D:4      | Noticed a phantom
   903 | D:4      | Noticed brucemayne's ghost (weakling HOMo)
   922 | D:3      | Killed a bullfrog
   922 | D:3      | Reached skill level 7 in Axes
   922 | D:3      | Reached XP level 4. HP: 15/39 MP: 4/4
  1015 | D:3      | Reached XP level 5. HP: 26/45 MP: 5/5
  1055 | D:3      | Gained mutation: Armour fits poorly on your strangely shaped body. [potion of mutation]
  1055 | D:3      | Gained mutation: Your body sometimes deteriorates upon taking damage. [potion of mutation]
  1541 | D:5      | Entered Level 5 of the Dungeon
  1558 | D:5      | Noticed an ice beast
  1631 | D:4      | Reached skill level 8 in Axes
  1824 | D:4      | Found an iron altar of Okawaru.
  1947 | D:4      | Got a smoking dagger
  1988 | D:5      | Noticed a centaur
  2025 | D:4      | Killed brucemayne's ghost
  2025 | D:4      | Reached XP level 6. HP: 21/51 MP: 6/6
  2141 | D:4      | Found a staircase to the Ecumenical Temple.
  2150 | Temple   | Entered the Ecumenical Temple
  2250 | Temple   | Became a worshipper of Makhleb the Destroyer
  2250 | Temple   | Reached * piety under Makhleb
  2250 | Temple   | Reached ** piety under Makhleb
  2334 | D:4      | Reached skill level 9 in Axes
  2712 | D:6      | Noticed a sky beast
  2731 | D:7      | Noticed a sky beast
  2746 | D:7      | Reached skill level 10 in Axes
  2746 | D:7      | Reached XP level 7. HP: 12/57 MP: 7/7
  2933 | D:5      | Noticed Menkaure
  2936 | D:5      | Mangled by Menkaure

Vault maps used:
D:1:      dpeg_arrival_boxorama
D:2:      uniq_jessica, uniq_crazy_yiuf_cottage
D:3:      kennysheep_big_flooded_room
D:4:      kennysheep_okawaru_gauntlet
D:5:      first_bread, uniq_menkaure
D:6:      hangedman_cross_stitches, serial_shops, shop, shop, shop_fountains
D:7:      serial_shops, nicolae_shop_statue_plus,
          nicolae_qazlal_eye_of_the_storm
Temple:   roderic_octagonal_lattice_temple

Skill      XL: |  1  2  3  4  5  6 |
---------------+-------------------+-----
Axes           | 5 7 8 10 | 10.1
Fighting       | |  3.6
Dodging        | |  2.4
Stealth        | |  1.5

Action                   |  1- 3 |  4- 6 |  7- 9 || total
-------------------------+-------+-------+-------++-------
Melee: Hand axe          |    87 |   147 |     4 ||   238
Evoke: Wand              |       |     9 |       ||     9
  Use: Potion            |     1 |     4 |       ||     5
       Scroll            |       |     6 |       ||     6
 Stab: Sleeping          |     1 |     1 |       ||     2
       Invisible         |     1 |       |       ||     1
       Paralysed         |       |    18 |       ||    18
  Eat: Chunk             |       |     5 |       ||     5
       Fruit             |       |     1 |       ||     1
Armor: Ring mail         |    27 |    27 |     1 ||    55
Dodge: Dodged            |    47 |    98 |     9 ||   154
